 Dungeon Sprint DCSS version 0.28-a0-390-gb254ac4902 (webtiles) character file.

Game seed: 13058238360505559234

13358 MikeHunt the Martial Artist (level 11, 2/90 HPs)
             Began as a Demonspawn Ice Elementalist on Sept 3, 2021.
             Was the Champion of Sif Muna.
             Quit the game in the Dungeon (Sprint III: "The Ten Rune Challenge").
             The game lasted 00:15:11 (3294 turns).

MikeHunt the Martial Artist (DsIE)                  Turns: 3294, Time: 00:15:11

Health: 2/90       AC: 12    Str:  8    XL:     11   Next: 74%
Magic:  18/25      EV: 18    Int: 20    God:    Sif Muna [******]
Gold:   1652       SH:  4    Dex: 14    Spells: 5/30 levels left

rFire   . . .      SeeInvis .     - Unarmed
rCold   . . .      Faith    .   (no shield)
rNeg    + . .      Spirit   .   o - +2 robe {rN+}
rPois   .          Reflect  .   (no helmet)
rElec   +          Harm     .   p - scarf {shadows}
rCorr   .          Rampage  .   (gloves unavailable)
Will    .....      Rnd*Rage +   (no boots) Stlth +++.......NoTele +
                                (no amulet)
HPRegen 0.25/turn               (no ring)
MPRegen 0.19/turn               (no ring)

@: lethally poisoned (2 -> -3), attractive
A: claws 3, repulsion field 1, icemail 2, condensation shield, demonic magic 1,
talons 1, berserk 1, mutation resistance 1, electricity resistance
a: Renounce Religion, Channel Magic, Forget Spell, Divine Exegesis


You were in the Dungeon.
You worshipped Sif Muna.
Sif Muna was exalted by your worship.
You visited 1 branch You collected 1806 gold pieces.
You spent 154 gold pieces at shops.

Inventory:

Hand Weapons
 n - a +0 dagger of freezing
Missiles
 b - 5 javelins
Armour
 a - a +0 robe
 c - a +2 ring mail of fire resistance
 o - a +2 robe of positive energy (worn)
 p - a scarf of shadows (worn)
Scrolls
 g - a scroll of blinking
 h - a scroll of torment {unknown}
 i - 3 scrolls of identify
 l - a scroll of holy word {unknown}
 q - a scroll of fog
Potions
 d - a potion of haste
 e - 2 potions of magic
 k - 4 potions of mutation
 m - 2 potions of flight
 r - a potion of might
Miscellaneous
 f - a phial of floods


   Skills:
 - Level 10.0 Fighting
 - Level 10.0 Dodging
 - Level 5.0 Stealth
 - Level 11.8 Unarmed Combat
 + Level 10.2 Spellcasting
 - Level 10.7 Conjurations
 - Level 9.2 Hexes
 + Level 1.7 Translocations
 - Level 10.4 Ice Magic
 + Level 4.6 Air Magic
 - Level 10.5 Invocations


You had 5 spell levels left.
You knew the following spells:

 Your Spells              Type           Power      Damage    Failure   Level
a - Hailstorm             Conj/Ice       51%        3d11      1%          4
b - Frozen Ramparts       Ice            100%       1d12      1%          3
c - Metabolic Englaciati  Hex/Ice        24%        N/A       3%          5
d - Searing Ray           Conj           100%       3d7       1%          2
e - Freeze                Ice            100%       1d11      1%          1
q - Blink                 Tloc           N/A        N/A       4%          2
t - Freezing Cloud        Conj/Ice/Air   22%        6-21      5%          5
x - Ozocubu's Armour      Ice            51%        N/A       1%          3

Your spell library contained the following spells:

 Spells                   Type           Power      Damage    Failure   Level
 Corona                   Hex            52%        N/A       1%          1
 Shock                    Conj/Air       100%       1d9       1%          1
 Ensorcelled Hibernation  Hex/Ice        98%        N/A       1%          2
 Slow                     Hex            47%        N/A       1%          2
 Static Discharge         Conj/Air       40%        N/A       1%          2
 Dazzling Flash           Conj/Hex       100%       N/A       1%          3
 Tukima's Dance           Hex            47%        N/A       1%          3
 Cause Fear               Hex            23%        N/A       1%          4
 Conjure Flame            Conj/Fire      31%        6-21      2%          3
 Mephitic Cloud           Conj/Pois/Air  30%        N/A       2%          3
 Portal Projectile        Hex/Tloc       64%        N/A       2%          3
 Iskenderun's Battlesphe  Conj           52%        2d10      2%          5
 Apportation              Tloc           34%        N/A       3%          1
 Inner Flame              Hex/Fire       28%        N/A       3%          3
 Animate Skeleton         Necr           20%        N/A       7%          1
 Summon Small Mammal      Summ           40%        N/A       7%          1
 Ice Form                 Ice/Tmut       31%        N/A       8%          4
 Sticky Flame             Conj/Fire      31%        2d5       8%          4
 Summon Ice Beast         Ice/Summ       31%        N/A       8%          4
 Gell's Gravitas          Tloc           8%         N/A       10%         3
 Lesser Beckoning         Tloc           17%        N/A       10%         3
 Teleport Other           Tloc           17%        N/A       10%         3
 Call Canine Familiar     Summ           10%        N/A       21%         3
 Ignite Poison            Fire/Tmut/Pois 10%        N/A       21%         3
 Dispel Undead            Necr           10%        3d9       56%         4
 Summon Forest            Summ/Tloc      6%         N/A       78%         5
 Excruciating Wounds      Necr           5%         N/A       88%         5
 Ozocubu's Refrigeration  Ice            25%        4d10      63%         7
 Iron Shot                Conj/Erth      15%        9d4       75%         6
 Simulacrum               Ice/Necr       15%        N/A       77%         6
 Dispersal                Tloc           8%         N/A       99%         6
 Death Channel            Necr           5%         N/A       100%        6
 Spellforged Servitor     Conj/Summ      15%        N/A       100%        7
 Summon Hydra             Summ           5%         N/A       100%        7
 Discord                  Hex            23%        N/A       100%        8
 Necromutation            Tmut/Necr      5%         N/A       100%        8


Dungeon Overview and Level Annotations

Branches:
Dungeon (1/1)

Altars:
Cheibriados
Dithmenos
Elyvilon
Fedhas
Gozag
Hepliaklqana
Kikubaaqudgha
Makhleb
Nemelex Xobeh
Okawaru
Qazlal
Ru
Sif Muna
Trog
Uskayaw
Vehumet
Wu Jian
Xom
Yredelemnul
Zin
The Shining One
Beogh
Jiyva
Lugonu

Shops:
D *


Innate Abilities, Weirdness & Mutations

You have claws for hands.
You are surrounded by a mild repulsion field. (EV +2)
A meltable icy envelope protects you from harm. (AC +8)
A meltable shield of frost defends you. (SH +4)
Spells you cast may paralyse adjacent enemies.
You have sharp toenails.
You tend to lose your temper in combat.
You are somewhat resistant to further mutation.
You are resistant to electric shocks. (rElec)


Message History

You are engulfed in freezing vapours.
You feel very sick.
The death drake is engulfed in freezing vapours.
The death drake seems to slow down.
The death drake bites you!
* * * LOW HITPOINT WARNING * * *
You're standing in a cloud of freezing vapour!
Unknown command.
Casting: Freezing Cloud (dangerous; 6% risk of failure)
Confirm with . or Enter, or press ? or * to list all spells.
Aiming: Searing Ray (safe; 1% risk of failure)
Press: ? - help, Shift-Dir - straight line, f - death drake
Aim: a death drake (freezing vapour, almost dead, slow, 74% to hit)
The searing ray hits the death drake!
The death drake is almost dead. (Press . to maintain the ray.) Malevolent energies surge around you.
You are engulfed in freezing vapours.
* * * LOW HITPOINT WARNING * * *
x2 You feel very sick.
The death drake is engulfed in freezing vapours.
You kill the death drake!
Sif Muna accepts your kill.
Your Spellcasting skill increases to level 10!
Your Translocations skill increases to level 1!
* * * LOW HITPOINT WARNING * * *
You feel very sick.
There is a lethal amount of poison in your body!
It was a potion of attraction.
You feel attractive to monsters.
* * * LOW HITPOINT WARNING * * *
You feel sick.
Really quaff the potion of mutation?
You feel extremely strange.
You feel insulated.
You feel a little pissed off.
Your toenails lengthen and sharpen.
You feel genetically stable.
* * * LOW HITPOINT WARNING * * *
You feel sick.
Unknown command.
Okay, then.
Unknown command.
Are you sure you want to abandon this character and quit the game? (Confirm with "yes".)

♣♣♣#..♣♣
♣♣♣##+######
###'♣♣♣♣♣♣♣♣♣♣♣♣♣♣♣
♣♣♣♣†##..##≈≈≈≈≈≈..#
♣...##.##.#≈≈≈≈≈...
♣♣.##.##.##†≈≈≈≈☼###
♣..#.##.).#≈≈..☼..○
♣♣.##.##..#≈☼.+###
♣♣.##.#####§☼.#
♣.....##○§§○°@#
########+######


There were no monsters in sight!

Vanquished Creatures
  Erolcha (D)
  2 hydras (D)
  2 orc high priests (D)
  Urug (D)
  A death drake (D)
  A lindwurm (D)
  A deep elf pyromancer (D)
  2 orc sorcerers (D)
  2 cane toads (D)
  A komodo dragon (D)
  A rime drake (D)
  3 wandering mushrooms (D)
  A queen bee (D)
  5 blink frogs (D)
  2 tyrant leeches (D)
  5 redbacks (D)
  A shadow (D)
  A spatial vortex (D)
  A swamp drake (D)
  A necrophage (D)
  5 two-headed ogres (D)
  A water elemental (D)
  A scorpion (D)
  32 killer bees (D)
  An electric eel (D)
  A jelly (D)
  2 orc priests (D)
  Jessica (D)
  A wizard (D)
  A necromancer (D)
  4 orc wizards (D)
  3 humans (D)
  A kobold demonologist (D)
  8 orcs (D)
  2 rats (D)
99 creatures vanquished.

Vanquished Creatures (others)
  3 plants (D)
3 creatures vanquished.

Grand Total: 102 creatures vanquished

Notes
Turn   | Place    | Note
-------+----------+-------------------------------------------
     0 | D        | MikeHunt the Demonspawn Ice Elementalist began the quest
                  | for the Orb.
     0 | D        | Reached XP level 1. HP: 13/13 MP: 3/3
    29 | D        | Noticed Jessica
    35 | D        | Killed Jessica
    36 | D        | Reached skill level 5 in Ice Magic
    36 | D        | Gained mutation: A meltable shield of frost defends you.
                  | (SH +4) [demonic ancestry]
    36 | D        | Reached XP level 2. HP: 3/19 MP: 0/7
   269 | D        | Noticed a scorpion
   280 | D        | Killed a scorpion
   281 | D        | Reached skill level 5 in Spellcasting
   281 | D        | Gained mutation: A meltable icy envelope protects you from
                  | harm. (AC +8) [demonic ancestry]
   281 | D        | Reached XP level 3. HP: 16/24 MP: 5/10
   281 | D        | Reached XP level 4. HP: 20/30 MP: 5/11
   345 | D        | Learned a level 3 spell: Frozen Ramparts
   395 | D        | Learned a level 3 spell: Ozocubu's Armour
   400 | D        | Learned a level 4 spell: Hailstorm
   435 | D        | Noticed a water elemental
   444 | D        | Killed a water elemental
   445 | D        | Gained mutation: A meltable icy envelope protects you from
                  | harm. (AC +8) [demonic ancestry]
   445 | D        | Reached XP level 5. HP: 33/35 MP: 2/14
   531 | D        | Found a basalt altar of Yredelemnul.
   531 | D        | Found a shadowy altar of Dithmenos.
   531 | D        | Found a sacrificial altar of Ru.
   531 | D        | Noticed a necrophage
   534 | D        | Reached skill level 1 in Fighting
   534 | D        | Reached skill level 1 in Conjurations
   538 | D        | Killed a necrophage
   539 | D        | Gained mutation: You have sharp fingernails. [demonic
                  | ancestry]
   539 | D        | Reached XP level 6. HP: 47/47 MP: 6/16
   613 | D        | Found a radiant altar of Vehumet.
   613 | D        | Found a shimmering blue altar of Sif Muna.
   613 | D        | Found an ancient bone altar of Kikubaaqudgha.
   620 | D        | Became a worshipper of Sif Muna the Loreminder
   636 | D        | Noticed a deep elf pyromancer
   642 | D        | Killed a deep elf pyromancer
   643 | D        | Reached skill level 5 in Fighting
   643 | D        | Reached skill level 5 in Dodging
   643 | D        | Reached skill level 5 in Stealth
   643 | D        | Gained mutation: Spells you cast may paralyse adjacent
                  | enemies. [demonic ancestry]
   643 | D        | Reached XP level 7. HP: 43/56 MP: 8/17
   702 | D        | Found a hide-covered altar of Uskayaw.
   702 | D        | Found an iron altar of Okawaru.
   702 | D        | Found a bloodstained altar of Trog.
   702 | D        | Found an ornate altar of the Wu Jian Council.
   702 | D        | Noticed a human
   707 | D        | Killed a human
   707 | D        | Noticed a human
   708 | D        | Reached skill level 10 in Conjurations
   711 | D        | Killed a human
   711 | D        | Reached * piety under Sif Muna
   712 | D        | Gained mutation: You are surrounded by a mild repulsion
                  | field. (EV +2) [demonic ancestry]
   712 | D        | Reached XP level 8. HP: 36/62 MP: 1/18
   828 | D        | Reached skill level 1 in Unarmed Combat
   839 | D        | Reached skill level 4 in Unarmed Combat
   964 | D        | Found a blossoming altar of Fedhas.
   964 | D        | Found a stormy altar of Qazlal.
   964 | D        | Found a snail-covered altar of Cheibriados.
   964 | D        | Found a burning altar of Makhleb.
   964 | D        | Found a shimmering altar of Xom.
   965 | D        | Found a hazy altar of Hepliaklqana.
   965 | D        | Found an opulent altar of Gozag.
   965 | D        | Found a sparkling altar of Nemelex Xobeh.
   965 | D        | Found a corrupted altar of Lugonu.
   965 | D        | Found a viscous altar of Jiyva.
  1066 | D        | Reached ** piety under Sif Muna
  1067 | D        | Reached skill level 5 in Unarmed Combat
  1130 | D        | Reached skill level 6 in Unarmed Combat
  1137 | D        | Reached skill level 7 in Unarmed Combat
  1217 | D        | Noticed a two-headed ogre
  1227 | D        | Killed a two-headed ogre
  1227 | D        | Reached *** piety under Sif Muna
  1228 | D        | Reached skill level 8 in Unarmed Combat
  1303 | D        | Noticed an orc sorcerer
  1324 | D        | Paralysed by an orc sorcerer for 7 turns
  1325 | D        | Killed an orc sorcerer
  1325 | D        | Reached **** piety under Sif Muna
  1326 | D        | Reached skill level 10 in Unarmed Combat
  1326 | D        | Reached XP level 9. HP: 68/68 MP: 15/19
  1331 | D        | Noticed an orc sorcerer
  1343 | D        | Killed an orc sorcerer
  1344 | D        | Reached skill level 11 in Unarmed Combat
  1357 | D        | Reached ***** piety under Sif Muna
  1372 | D        | Received a gift from Sif Muna
  1377 | D        | Noticed an orc high priest
  1380 | D        | Noticed an orc high priest
  1381 | D        | Noticed a red devil
  1386 | D        | Noticed an orange demon
  1386 | D        | Killed an orc high priest
  1388 | D        | Noticed an orange demon
  1388 | D        | Killed an orc high priest
  1389 | D        | Gained mutation: You have very sharp fingernails. [demonic
                  | ancestry]
  1389 | D        | Reached XP level 10. HP: 61/79 MP: 1/20
  1391 | D        | Found Ixtikan's General Store.
  1472 | D        | Bought a scarf of shadows for 132 gold pieces
  1472 | D        | Bought a scroll of fog for 22 gold pieces
  1529 | D        | Noticed Erolcha
  1552 | D        | Killed Erolcha
  1561 | D        | Received a gift from Sif Muna
  1562 | D        | Got Sif Muna's Handbook of Supportive Ice {god gift}
  1761 | D        | Learned a level 5 spell: Metabolic Englaciation
  2052 | D        | Reached skill level 1 in Hexes
  2056 | D        | Received a gift from Sif Muna
  2067 | D        | Reached ****** piety under Sif Muna
  2068 | D        | Received a gift from Sif Muna
  2070 | D        | Reached skill level 10 in Invocations
  2075 | D        | Received a gift from Sif Muna
  2085 | D        | Received a gift from Sif Muna
  2086 | D        | Got Sif Muna's Grimoire of Feathery Stolen Souls {god gift}
  2086 | D        | Got Sif Muna's Spellcraft in Simple Steps {god gift}
  2139 | D        | Reached skill level 10 in Fighting
  2139 | D        | Reached skill level 5 in Hexes
  2158 | D        | Noticed a cane toad
  2158 | D        | Noticed a cane toad
  2164 | D        | Killed a cane toad
  2165 | D        | Gained mutation: You have claws for hands. [demonic
                  | ancestry]
  2165 | D        | Reached XP level 11. HP: 67/90 MP: 13/21
  2177 | D        | Reached skill level 10 in Dodging
  2187 | D        | Received a gift from Sif Muna
  2188 | D        | Got Seifuep's Handbook of Freezing Confrontation {god gift}
  2280 | D        | Learned a level 2 spell: Searing Ray
  2498 | D        | Received a gift from Sif Muna
  2499 | D        | Got Sif Muna's Handbook of Ensnaring Shape Shifting {god
                  | gift}
  2562 | D        | Noticed a lindwurm
  2568 | D        | Killed a lindwurm
  2885 | D        | Learned a level 5 spell: Freezing Cloud
  2893 | D        | Noticed Urug
  2900 | D        | Killed Urug
  3017 | D        | Noticed a six-headed hydra
  3017 | D        | Noticed a five-headed hydra
  3023 | D        | Killed a six-headed hydra
  3024 | D        | Reached skill level 10 in Ice Magic
  3215 | D        | Killed a five-headed hydra
  3215 | D        | Received a gift from Sif Muna
  3216 | D        | Got Sif Muna's Papyrus of the Glacial Voyage {god gift}
  3220 | D        | Learned a level 2 spell: Blink
  3284 | D        | Noticed a death drake
  3290 | D        | Killed a death drake
  3291 | D        | Reached skill level 10 in Spellcasting
  3291 | D        | Reached skill level 1 in Translocations
  3292 | D        | HP: 4/90 [poisoned by a death drake (foul vapour)]
  3293 | D        | Gained mutation: You are resistant to electric shocks.
                  | (rElec) [potion of mutation]
  3293 | D        | Gained mutation: You tend to lose your temper in combat.
                  | [potion of mutation]
  3293 | D        | Gained mutation: You have sharp toenails. [potion of
                  | mutation]
  3293 | D        | Gained mutation: You are somewhat resistant to further
                  | mutation. [potion of mutation]
  3294 | D        | Quit the game

Illustrated notes

Levels and vault maps discovered:
D:        dungeon_sprint_mu [sprint_mu_entry_forest, sprint_mu_temple_rooms,
          sprint_mu_d1_spiders, sprint_mu_d2_genie, sprint_mu_d3_branching,
          sprint_mu_orc_legion, sprint_mu_elf_gauntlet, sprint_mu_hive_nellie,
          sprint_mu_lair_fedhas, sprint_mu_vaults_butterflies,
          sprint_mu_slime_circle, sprint_mu_swamp_cave, sprint_mu_snake_twists,
          sprint_mu_blade_basic, sprint_mu_crypt_chambers,
          sprint_mu_tomb_spiral, sprint_mu_vestibule_basic,
          sprint_mu_gehenna_hellfire, sprint_mu_dis_giant,
          sprint_mu_tartarus_statrot, sprint_mu_cocytus_islands, sprint_mu_zot1]

Skill      XL: |  1  2  3  4  5  6  7  8  9 10 11 |
---------------+----------------------------------+-----
Spellcasting   | 4 5 7 10 | 10.2
Ice Magic      | 5 6 8 10 | 10.4
Fighting       | 3 5 7 10 | 10.0
Dodging        | 3 5 6 9 10 | 10.0
Stealth        | 3 5 |  5.0
Conjurations   | 3 9 10 | 10.7
Unarmed Combat | 10 11 | 11.8
Invocations    | 6 10 | 10.5
Hexes          | 6 9 |  9.2
Air Magic      | 4 |  4.6
Translocations | 1 |  1.7

Action                   |  1- 3 |  4- 6 |  7- 9 | 10-12 || total
-------------------------+-------+-------+-------+-------++-------
Melee: Unarmed           |     1 |       |    35 |   147 ||   183
       Punch             |       |       |     3 |     5 ||     8
 Cast: Freeze            |     8 |    19 |    27 |     4 ||    58
       Frozen Ramparts   |       |     5 |     7 |    20 ||    32
       Hailstorm         |       |       |    12 |       ||    12
       Ozocubu's Armour  |       |       |     1 |     9 ||    10
       Freezing Cloud    |       |       |       |     4 ||     4
       Searing Ray       |       |       |       |     3 ||     3
       Metabolic Englaci |       |       |       |     1 ||     1
  Use: Potion            |       |       |     1 |     6 ||     7
 Stab: Paralysed         |       |       |     1 |    14 ||    15
       Sleeping          |       |       |       |     1 ||     1
Armor: Robe              |     1 |     3 |     7 |    26 ||    37
Dodge: Dodged            |     1 |     6 |    29 |    82 ||   118
Block: Other             |       |     3 |     2 |    18 ||    23

Table legend: (Time is in decaauts)
 A = Elapsed time spent in this place.
 B = Non-inter-level travel time spent in this place.
 C = Inter-level travel time spent in this place.
 D = Time resting spent in this place.
 E = Time spent auto-exploring this place.
 F = Levels seen in this place.
 G = Mean time per level.
                   A        B        C        D        E       F      G
               +--------+--------+--------+--------+--------+-----+--------+
         Total |   3282 |   3259 |     23 |   2379 |      0 |   1 | 3282.0 |
       Dungeon |   3282 |   3259 |     23 |   2379 |      0 |   1 | 3282.0 |
               +--------+--------+--------+--------+--------+-----+--------+

Top non-repeatable levels by time:
       D: 3282 daAuts
